 Dungeon Crawl Stone Soup version 0.23.0 (webtiles) character file.

Game seed: 17359495214997776309

39432 GotenAND the Severer (level 13, -4/114 HPs)
             Began as a Deep Dwarf Fighter on Feb 14, 2019.
             Was the Champion of Makhleb.
             Killed from afar by an antique lich (54 damage)
             ... with a crystal spear
             ... in a wizard's laboratory.
             The game lasted 00:38:32 (10997 turns).

GotenAND the Severer (Deep Dwarf Fighter)          Turns: 10997, Time: 00:38:33

Health: -4/114     AC: 23    Str: 29 (30) XL:     13   Next: 69%
Magic:  15/15      EV:  9    Int:  9 (12) God:    Makhleb [******]
Gold:   635        SH:  0    Dex: 12      Spells: 23/23 levels left

rFire    . . .     SeeInvis .   i - +4 battleaxe (vamp)
rCold    + . .     Gourm    .   (shield currently unavailable)
rNeg     . . .     Faith    .   B - +8 chain mail {rPois}
rPois    +         Spirit   .   (no helmet)
rElec    .         Reflect  .   s - +2 cloak {+Inv}
rCorr    .         Harm     +   g - +0 pair of gloves
MR       +....                  n - +0 pair of boots
Stlth    ..........             v - amulet of harm
HPRegen  0.00/turn              h - +6 ring of strength
MPRegen  0.14/turn              D - ring "Piempykhon" {rC+ Int+2}

@: corroded, non-regenerating
A: damage resistance, heal wounds, rugged brown scales 1, blink, deterioration
1, frail 1, sense surroundings 2, no regeneration
a: Heal Wounds, Blink, Minor Destruction, Lesser Servant of Makhleb, Major
Destruction, Greater Servant of Makhleb, Renounce Religion, Evoke Invisibility


You were in a wizard's laboratory.
You worshipped Makhleb.
Makhleb was exalted by your worship.
You were not hungry.

You visited 4 branches of the dungeon, and saw 15 of its levels.
You also visited: Wizlab.

You collected 1650 gold pieces.
You spent 1015 gold pieces at shops.

Inventory:

Hand Weapons
 i - a +4 vampiric battleaxe (weapon)
 l - a +3 battleaxe of flaming
Armour
 g - a +0 pair of gloves (worn)
 n - a +0 pair of boots (worn)
 s - a +2 cloak of invisibility (worn)
 B - a +8 chain mail of poison resistance (worn)
 E - a +1 plate armour of poison resistance
Jewellery
 h - a +6 ring of strength (left hand)
 k - an uncursed ring of positive energy
 v - an amulet of harm (around neck)
 y - an uncursed ring of protection from fire
 D - the ring "Piempykhon" (right hand) {rC+ Int+2}
   (You found it on level 2 of the Orcish Mines)

   [ring of protection from cold]

   It affects your intelligence (+2).
   It protects you from cold.
Scrolls
 b - 3 scrolls of teleportation
 e - 3 scrolls of magic mapping
 q - 2 scrolls of fog
 t - 4 scrolls of remove curse
 u - 3 scrolls of amnesia
Potions
 d - a potion of might
 m - a potion of resistance
 o - 2 potions of flight
 r - a potion of berserk rage
Comestibles
 f - 17 rations


   Skills:
 * Level 9.8 Fighting
 * Level 17.3 Axes
 * Level 10.7 Armour
   Level 6.2 Shields
 - Level 5.6 Spellcasting
 * Level 7.9 Evocations


You had 23 spell levels left.
You didn't know any spells.
Your spell library was empty.

Dungeon Overview and Level Annotations

Branches:
Dungeon (11/15)            Temple (1/1) D:6            Lair (0/6) D:11
    Orc (2/2) D:11            Elf (1/3) Orc:2

Altars:
Ashenzari
Cheibriados
Dithmenos
Elyvilon
Fedhas
Gozag
Hepliaklqana
Kikubaaqudgha
Makhleb
Nemelex Xobeh
Okawaru
Qazlal
Ru
Sif Muna
Trog
Uskayaw
Vehumet
Wu Jian
Xom
Yredelemnul
Zin
The Shining One
Beogh

Shops:
D:4 %[=[*   D:7 !   D:10 :   Orc:1 (   Orc:2 *:=!

Annotations:
D:8 Prince Ribbit


Innate Abilities, Weirdness & Mutations

You are resistant to damage.
You can heal yourself by infusing magical energy.
You passively map the area around you.
You do not regenerate.
You are partially covered in rugged brown scales. (AC +1, +3% HP)
You can translocate small distances at will.
Your body sometimes deteriorates upon taking damage.
You are frail. (-10% HP)


Message History

You are too injured to fight recklessly!
You are too injured to fight recklessly!
You are too injured to fight recklessly!
You are too injured to fight recklessly!
You are too injured to fight recklessly!
You are too injured to fight recklessly!
You are too injured to fight recklessly!
You are too injured to fight recklessly!
You are too injured to fight recklessly!
You are too injured to fight recklessly!
You are too injured to fight recklessly!
You are too injured to fight recklessly!
You are too injured to fight recklessly!
You feel much better.
The antique lich touches you but does no damage.
Your magical essence is drained by the effort!
You feel much better.
The antique lich points at you and mumbles some strange words.
The crystal spear hits you!!!
You die...

##.♣...............♣.#
##.♣.........)...)....♣♣#
#.......................#
#....)..#########......♣#
#.!.....# #.......♣
♣......##,, ##......#
♣....###, ##+##, ###.))♣#
#....#, , #...#, #....#
#♣...# ###.@.###, #....#
#....# #...L...#, #...♣♣
#....####...8...####....#
#..8.#..'...)...'..#...♣#
♣♣...#..###...###..#....#
#..).#....#...#....#.8..♣
#....###..#####).###...♣♣
♣......##...#..)##.....♣#
♣.......#...#)..#.......#


You could see an antique lich.

Vanquished Creatures
  An ancient champion (WizLab)
  2 orc warlords (Orc:2)
  Snorg (D:11)
  3 two-headed ogres
  5 orc high priests (Orc:2)
  2 deep elf knights (Elf:1)
  6 skeletal warriors (WizLab)
  The ghost of Goboxel the Magician, a novice GnSk of Okawaru (D:8)
  A deep elf archer (Elf:1)
  4 orc knights
  6 orc sorcerers (Orc:2)
  8 deep elf magi (Elf:1)
  A cyclops (D:11)
  4 ugly things (D:11)
  A gargoyle (D:10)
  2 trolls
  Grinder (D:3)
  A hornet (D:10)
  A hippogriff (D:11)
  5 vampires
  4 yaks (D:11)
  2 hungry ghosts
  3 two-headed ogre zombies (WizLab)
  5 wargs
  A water moccasin (D:8)
  Duvessa (D:5)
  39 orc warriors
  3 sky beasts
  An ice beast (D:4)
  A phantom (D:9)
  A black bear (D:6)
  9 ogres
  A necrophage (D:9)
  6 centaurs
  A crocodile (D:10)
  4 bullfrogs
  Dowan (D:5)
  6 scorpions
  4 killer bees (D:11)
  9 troll zombies (WizLab)
  18 wights
  3 bullfrog zombies
  5 crimson imps
  2 centaur zombies
  3 centaur skeletons (D:11)
  2 jellies
  28 orc priests
  9 hounds
  3 bullfrog skeletons
  Natasha (twice) (D:2)
  Terence (D:2)
  3 iguanas
  19 orc wizards
  9 worker ants
  5 ogre zombies (WizLab)
  A hound zombie (D:6)
  2 hound skeletons
  14 adders
  7 gnolls
  A howler monkey skeleton (D:6)
  A shadow imp (D:7)
  An adder skeleton (D:5)
  4 worms
  9 leopard geckos
  106 orcs
  4 ball pythons
  6 bats
  3 giant cockroaches
  11 hobgoblins
  17 jackals
  8 kobolds
  6 quokkas
  5 frilled lizards
  7 goblins
  A jackal zombie (D:6)
  2 leopard gecko skeletons
  9 rats
  2 withered plants (D:6)
497 creatures vanquished.

Vanquished Creatures (others)
  A deep elf knight (Elf:1)
  An orc wizard (Orc:2)
  A dart slug (D:2)
  An orc (Orc:2)
4 creatures vanquished.

Grand Total: 501 creatures vanquished

Notes
Turn   | Place    | Note
-------+----------+-------------------------------------------
     0 | D:1      | GotenAND the Deep Dwarf Fighter began the quest for the
                  | Orb.
     0 | D:1      | Reached XP level 1. HP: 20/20 MP: 1/1
   120 | D:1      | Reached XP level 2. HP: 22/27 MP: 2/2
   436 | D:1      | Reached XP level 3. HP: 26/34 MP: 3/3
   555 | D:2      | Found a shimmering altar of Xom.
   633 | D:2      | Found a snail-covered altar of Cheibriados.
   643 | D:2      | Noticed Terence
   649 | D:2      | Killed Terence
   649 | D:2      | Reached skill level 3 in Axes
   693 | D:2      | Reached skill level 1 in Spellcasting
   729 | D:2      | Reached XP level 4. HP: 42/42 MP: 5/5
   918 | D:2      | Noticed Natasha
   923 | D:2      | Killed Natasha
   989 | D:2      | Found a white marble altar of Elyvilon.
  1080 | D:2      | Noticed Natasha
  1090 | D:2      | Killed Natasha
  1205 | D:3      | Reached XP level 5. HP: 45/49 MP: 6/6
  1332 | D:3      | Noticed Grinder
  1342 | D:3      | Reached skill level 4 in Axes
  1357 | D:3      | Paralysed by Grinder for 3 turns
  1380 | D:3      | Killed Grinder
  1380 | D:3      | Reached XP level 6. HP: 44/56 MP: 5/7
  1441 | D:3      | Reached skill level 5 in Axes
  2221 | D:4      | Reached XP level 7. HP: 62/62 MP: 8/8
  2359 | D:4      | Found a sacrificial altar of Ru.
  2407 | D:4      | Found Naece's Assorted Antiques.
  2412 | D:4      | Bought a shiny chain mail for 180 gold pieces
  2515 | D:4      | Found Asuasirph's Armour Shop.
  2524 | D:4      | Found Onlok's Jewellery Shoppe.
  2648 | D:4      | Found Lejeiri's Food Boutique.
  2738 | D:4      | Found Qug Lole's Antique Armour Shop.
  2837 | D:4      | Reached skill level 6 in Axes
  3084 | D:5      | Entered Level 5 of the Dungeon
  3187 | D:5      | Reached skill level 5 in Armour
  3202 | D:5      | Reached skill level 5 in Shields
  3325 | D:5      | Found a glowing golden altar of the Shining One.
  3415 | D:5      | Reached skill level 7 in Axes
  3415 | D:5      | Reached XP level 8. HP: 61/72 MP: 10/10
  3432 | D:5      | Noticed Dowan
  3434 | D:5      | Noticed Duvessa
  3454 | D:5      | Killed Duvessa
  3470 | D:5      | Killed Dowan
  3729 | D:5      | Identified a scroll of acquirement
  3854 | D:6      | Reached skill level 8 in Axes
  3863 | D:6      | Found an ancient bone altar of Kikubaaqudgha.
  3974 | D:6      | Found a staircase to the Ecumenical Temple.
  4031 | Temple   | Entered the Ecumenical Temple
  4258 | Temple   | Became a worshipper of Makhleb the Destroyer
  4350 | D:6      | Found an iron altar of Okawaru.
  4580 | D:7      | Found a sparkling altar of Nemelex Xobeh.
  4611 | D:7      | Found a hazy altar of Hepliaklqana.
  4711 | D:7      | Found Uciun's Distillery.
  4736 | D:7      | Gained mutation: You passively map the area around you.
                  | [Deep Dwarf growth]
  4736 | D:7      | Reached XP level 9. HP: 69/79 MP: 12/12
  4753 | D:7      | Bought a potion of mutation for 120 gold pieces
  4753 | D:7      | Gained mutation: You can translocate small distances at
                  | will. [potion of mutation]
  4753 | D:7      | Gained mutation: Your muscles are strong. (Str +2) [potion
                  | of mutation]
  4753 | D:7      | Gained mutation: You are partially covered in rugged brown
                  | scales. (AC +1, +3% HP) [potion of mutation]
  4848 | D:7      | Reached skill level 9 in Axes
  4889 | D:7      | Noticed a +0 hand axe
  4890 | D:7      | Found a hide-covered altar of Uskayaw.
  4890 | D:7      | Noticed a +0 hand axe
  5163 | D:8      | Noticed Goboxel's ghost (novice GnSk)
  5172 | D:8      | Found a runed translucent door.
  5227 | D:8      | Killed Goboxel's ghost
  5227 | D:8      | Reached skill level 5 in Fighting
  5277 | D:8      | Reached skill level 10 in Axes
  5339 | D:8      | Reached * piety under Makhleb
  5501 | D:8      | Found an ornate altar of the Wu Jian Council.
  5609 | D:8      | Noticed a two-headed ogre
  5615 | D:8      | Killed a two-headed ogre
  5615 | D:8      | Reached XP level 10. HP: 93/93 MP: 12/14
  5674 | D:8      | Noticed Prince Ribbit
  5708 | D:8      | Reached skill level 11 in Axes
  6045 | D:9      | Found a basalt altar of Yredelemnul.
  6048 | D:9      | Found a bloodstained altar of Trog.
  6267 | D:9      | Reached ** piety under Makhleb
  6685 | D:10     | Entered Level 10 of the Dungeon
  6740 | D:10     | Reached skill level 1 in Evocations
  6783 | D:10     | Reached skill level 12 in Axes
  6900 | D:10     | Found Houj's Book Boutique.
  7195 | D:10     | Got a pair of fine boots
  7218 | D:10     | Noticed a gargoyle
  7223 | D:10     | Killed a gargoyle
  7361 | D:10     | Identified the cursed -4 pair of boots of the Present
                  | {Str+2 SInv} (You found it on level 10 of the Dungeon)
  7389 | D:11     | Noticed a white ugly thing
  7390 | D:11     | Noticed a white ugly thing
  7402 | D:11     | Reached *** piety under Makhleb
  7407 | D:11     | Killed a white ugly thing
  7409 | D:11     | Killed a white ugly thing
  7426 | D:11     | Noticed a red ugly thing
  7440 | D:11     | Killed a red ugly thing
  7440 | D:11     | Reached XP level 11. HP: 101/101 MP: 14/16
  7511 | D:11     | Noticed a green ugly thing
  7512 | D:11     | Found a staircase to the Lair.
  7516 | D:11     | Reached skill level 13 in Axes
  7533 | D:11     | Killed a green ugly thing
  7623 | D:11     | Noticed Snorg
  7638 | D:11     | Killed Snorg
  7638 | D:11     | Reached skill level 5 in Spellcasting
  7741 | D:11     | Found a staircase to the Orcish Mines.
  7746 | D:11     | Found a roughly hewn altar of Beogh.
  7760 | D:11     | Reached **** piety under Makhleb
  7941 | Orc:1    | Entered Level 1 of the Orcish Mines
  8210 | Orc:1    | Noticed an orc knight
  8230 | Orc:1    | Killed an orc knight
  8230 | Orc:1    | Reached ***** piety under Makhleb
  8230 | Orc:1    | Reached skill level 14 in Axes
  8306 | Orc:1    | Found Nieqoq's Antique Weapon Shop.
  8322 | Orc:1    | Found a deep blue altar of Sif Muna.
  8324 | Orc:1    | Bought a glowing war axe for 169 gold pieces
  8467 | Orc:2    | Entered Level 2 of the Orcish Mines
  8512 | Orc:2    | Noticed a two-headed ogre
  8524 | Orc:2    | Killed a two-headed ogre
  8647 | Orc:2    | Noticed an orc sorcerer
  8652 | Orc:2    | Killed an orc sorcerer
  8672 | Orc:2    | Noticed an orc high priest
  8685 | Orc:2    | Killed an orc high priest
  8685 | Orc:2    | Reached XP level 12. HP: 113/113 MP: 18/18
  8742 | Orc:2    | Reached skill level 5 in Evocations
  8785 | Orc:2    | Noticed an orc warlord
  8798 | Orc:2    | Killed an orc warlord
  8801 | Orc:2    | Reached skill level 15 in Axes
  8802 | Orc:2    | Found a roughly hewn altar of Beogh.
  8832 | Orc:2    | Noticed an orc high priest
  8858 | Orc:2    | Gained mutation: You are frail. (-10% HP) [a neqoxec]
  8859 | Orc:2    | Gained mutation: Your body sometimes deteriorates upon
                  | taking damage. [a neqoxec]
  8865 | Orc:2    | Killed an orc high priest
  8907 | Orc:2    | Noticed an orc high priest
  8923 | Orc:2    | Lost mutation: Your muscles are strong. (Str +2) [a
                  | neqoxec]
  8937 | Orc:2    | Killed an orc high priest
  8971 | Orc:2    | Noticed an orc high priest
  8983 | Orc:2    | Found Satumuw's Book Shoppe.
  8985 | Orc:2    | Killed an orc high priest
  8989 | Orc:2    | Reached ****** piety under Makhleb
  9145 | Orc:2    | Found a roughly hewn altar of Beogh.
  9145 | Orc:2    | Noticed an orc warlord
  9164 | Orc:2    | Killed an orc warlord
  9262 | Orc:2    | Found Meilu's Distillery.
  9281 | Orc:2    | Found Mugaso's Jewellery Shop.
  9288 | Orc:2    | Reached skill level 16 in Axes
  9420 | Orc:2    | Noticed a two-headed ogre
  9425 | Orc:2    | Killed a two-headed ogre
  9548 | Orc:2    | Found a staircase to the Elven Halls.
  9624 | Orc:2    | Paralysed by an orc sorcerer for 6 turns
  9641 | Orc:2    | Reached XP level 13. HP: 112/112 MP: 17/17
  9653 | Orc:2    | Got a shimmering brass ring
  9831 | Orc:2    | Found Agirut's Assorted Antiques.
  9850 | Orc:2    | Reached skill level 10 in Armour
  9861 | Orc:2    | Bought a runed plate armour for 546 gold pieces
 10000 | Orc:2    | Identified the ring "Piempykhon" {rC+ Int+2} (You found it
                  | on level 2 of the Orcish Mines)
 10465 | Elf:1    | Entered Level 1 of the Elven Halls
 10639 | Elf:1    | Found a magical portal.
 10644 | WizLab   | Entered Zonguldrok's Shrine
 10938 | WizLab   | Reached skill level 17 in Axes
 10964 | WizLab   | Noticed an ancient champion
 10980 | WizLab   | Killed an ancient champion
 10985 | WizLab   | Noticed an antique lich
 10997 | WizLab   | Killed from afar by an antique lich

Skill      XL: |  1  2  3  4  5  6  7  8  9 10 11 12 13 |
---------------+----------------------------------------+-----
Fighting       | 3 4 5 6 7 9 |  9.8
Axes           | 3 4 5 7 8 10 12 14 16 17 | 17.3
Spellcasting   | 1 2 3 4 5 |  5.6
Shields        | 4 5 6 |  6.2
Armour         | 4 5 7 8 9 10 | 10.7
Evocations     | 2 4 6 7 |  7.9

Action                   |  1- 3 |  4- 6 |  7- 9 | 10-12 | 13-15 || total
-------------------------+-------+-------+-------+-------+-------++-------
Melee: War axe           |    90 |   200 |   166 |       |       ||   456
       Battleaxe         |       |       |   179 |   621 |   242 ||  1042
 Abil: Heal Wounds       |     1 |     6 |     9 |    14 |    13 ||    43
  Use: Scroll            |       |       |    19 |     3 |     1 ||    23
       Potion            |       |       |     6 |       |     4 ||    10
  Eat: Chunk             |       |     4 |     7 |    13 |     1 ||    25
       Ration            |       |       |     3 |     1 |     1 ||     5
Armor: Scale mail        |    45 |    87 |     6 |       |       ||   138
       Chain mail        |       |       |   242 |   498 |   158 ||   898
Dodge: Dodged            |    25 |    48 |   145 |   271 |    76 ||   565
Block: Shield            |    54 |   100 |   106 |       |       ||   260
